 Dungeon Crawl Stone Soup version 0.23.0 (webtiles) character file.

Game seed: 6099876061214118489

117 Tiagovsky the Firebug (level 4, -1/36 HPs)
             Began as a Draconian Fire Elementalist on Feb 9, 2019.
             Slain by Sigmund
             ... wielding a +0 scythe
              (5 damage)
             ... on level 3 of the Dungeon.
             The game lasted 00:10:07 (3090 turns).

Tiagovsky the Firebug (Draconian Fire Elementalist) Turns: 3090, Time: 00:10:08

Health: -1/36      AC:  5    Str: 10    XL:     4   Next: 71%
Magic:  6/8        EV: 12    Int: 16    God:
Gold:   122        SH:  0    Dex: 12    Spells: 2/8 levels left

rFire    . . .     SeeInvis .   w - +2 rapier (vamp)
rCold    . . .     Gourm    .   (no shield)
rNeg     . . .     Faith    .   (armour unavailable)
rPois    .         Spirit   .   (helmet restricted)
rElec    .         Reflect  .   (no cloak)
rCorr    .         Harm     .   (no gloves)
MR       .....                  (no boots)
Stlth    ++........             (no amulet)
HPRegen  0.12/turn              (no ring)
MPRegen  0.11/turn              (no ring)

@: no status effects
A: unfitting armour, cold-blooded, AC +5
a: no special abilities


You were on level 3 of the Dungeon.
You were not hungry.

You visited 1 branch of the dungeon, and saw 3 of its levels.

You collected 122 gold pieces.

Inventory:

Hand Weapons
 w - a +2 vampiric rapier (weapon)
Missiles
 a - 29 stones (quivered)
Jewellery
 f - an uncursed ring of magical power {unknown}
Scrolls
 d - a scroll of fear {unknown}
 e - a scroll of teleportation {unknown}
 h - 2 scrolls of noise {unknown}
 i - a scroll of enchant armour {unknown}
Potions
 c - a potion of curing {unknown}
 g - a potion of ambrosia {unknown}
Comestibles
 b - 2 rations
 j - 2 chunks of flesh


   Skills:
 + Level 2.1 Fighting
   Level 0.8 Maces & Flails
 - Level 1.7 Dodging
 - Level 1.7 Stealth
 + Level 2.8 Spellcasting
 + Level 2.2 Conjurations
 + Level 3.7 Fire Magic


You had 2 spell levels left.
You knew the following spells:

 Your Spells              Type           Power        Failure   Level  Hunger
a - Flame Tongue          Conj/Fire      ##...        5%          1    #......
b - Throw Flame           Conj/Fire      ##....       9%          2    ##.....
c - Conjure Flame         Conj/Fire      ##......     17%         3    ###....

Your spell library contained the following spells:

 Spells                   Type           Power        Failure   Level  Hunger
 Inner Flame              Hex/Fire       #.......     26%         3    ###....
 Sticky Flame             Conj/Fire      ##......     50%         4    #####..
 Fireball                 Conj/Fire      ##........   83%         5    ######.


Dungeon Overview and Level Annotations

Branches:
Dungeon (3/15)

Altars:
Dithmenos
Ru
The Shining One

Annotations:
D:3 Sigmund


Innate Abilities, Weirdness & Mutations

Your plain brown scales are hard. (AC +5)
You cannot fit into any form of body armour.
You are cold-blooded and may be slowed by cold attacks.


Message History

You hit Sigmund.
Sigmund is severely wounded.
A rat comes into view.
You closely miss Sigmund.
Sigmund is severely wounded.
Sigmund casts a spell.
Sigmund flickers and vanishes!
Deactivating autopickup; reactivate with Ctrl-A.
You barely miss something.
You hear some strange, mumbled words.
A magic dart appears from out of thin air!
The magic dart hits you. Something hits you but does no damage.
You miss something. You miss something. Something hits you but does no damage.
The rat twitches its whiskers.
You hit something.
You feel better. Something hits you.
You barely miss something. Something hits you!
* * * LOW HITPOINT WARNING * * *
You puncture something! Something hits you.
You die...

#.#.#####(# #.#
##.#.##....# #.#
####
#.####....##.####
#.# #...
#......#..##.# #.#
#.##
######...###.#
#.######.##
##...##.#####.#
#.......
...#.........#
#.......#
##.....)$..#
.#.#.###..#
#......@##.#
#.##.# #..#
#.##.##{##.#
#.##.# #..#
#.##r##.# #.##.#
#..#
...#.###.##.###..#
#..#.............#
#..##.....#.####.#
...##.......)))>..
#...........###..#
##.##.....#.# #.##


You could see a rat.

Vanquished Creatures
  4 gnolls (D:3)
  4 adders (D:2)
  A dart slug (D:1)
  A leopard gecko (D:1)
  6 bats
  4 giant cockroaches
  6 goblins
  2 hobgoblins
  3 jackals (D:1)
  5 kobolds
  2 ball pythons
  3 rats
41 creatures vanquished.

Notes
Turn   | Place    | Note
-------+----------+-------------------------------------------
     0 | D:1      | Tiagovsky the Draconian Fire Elementalist began the quest
                  | for the Orb.
     0 | D:1      | Reached XP level 1. HP: 14/14 MP: 3/3
   401 | D:1      | Reached XP level 2. HP: 22/22 MP: 3/5
   406 | D:1      | Learned a level 2 spell: Throw Flame
   563 | D:1      | Reached skill level 1 in Fighting
  1187 | D:2      | Reached XP level 3. HP: 25/28 MP: 0/6
  1403 | D:2      | Found a sacrificial altar of Ru.
  1762 | D:2      | Found a shadowy altar of Dithmenos.
  1925 | D:2      | Reached XP level 4. HP: 14/36 MP: 1/7
  2142 | D:2      | Found a glowing golden altar of the Shining One.
  2309 | D:2      | Learned a level 3 spell: Conjure Flame
  2746 | D:3      | Noticed Sigmund
  3090 | D:3      | Slain by Sigmund

Skill      XL: |  1  2  3  4 |
---------------+-------------+-----
Fighting       | 1 2 |  2.1
Conjurations   | 2 |  2.2
Maces & Flails | |  0.8
Dodging        | |  1.7
Stealth        | |  1.7
Spellcasting   | |  2.8
Fire Magic     | |  3.7

Action                   |  1- 3 |  4- 6 || total
-------------------------+-------+-------++-------
Melee: Unarmed           |     8 |       ||     8
       Tailslap          |     1 |       ||     1
       Mace              |    14 |       ||    14
       Rapier            |       |    17 ||    17
Throw: Stone             |    20 |     2 ||    22
 Cast: Flame Tongue      |    52 |    23 ||    75
       Throw Flame       |     6 |     1 ||     7
  Eat: Chunk             |     3 |       ||     3
       Ration            |       |     3 ||     3
Armor: Skin              |    24 |     5 ||    29
Dodge: Dodged            |    32 |     7 ||    39
